 Dungeon Crawl Stone Soup version 0.22.0-18-ge075c0d (webtiles) character file.

5 Gravenous the Sneak (level 1, 0/7 HPs)
             Began as a Felid Venom Mage on Aug 18, 2018.
             Slain by a kobold (3 damage)
             ... on level 1 of the Dungeon.
             The game lasted 00:00:24 (261 turns).

Gravenous the Sneak (Felid Venom Mage)               Turns: 261, Time: 00:00:25

Health: 0/7        AC:  1    Str:  4    XL:     1   Next: 66%
Magic:  1/4        EV: 18    Int: 16    God:
Gold:   28         SH:  0    Dex: 16    Spells: 3/4 levels left
                                        Lives:  0   Deaths: 0

rFire    . . .     SeeInvis +   (weapon unavailable)
rCold    . . .     Gourm    .   (shield unavailable)
rNeg     . . .     Faith    .   (armour unavailable)
rPois    .         Spirit   .   (helmet unavailable)
rElec    .         Reflect  .   (cloak unavailable)
rCorr    .         Harm     .   (gloves unavailable)
MR       .....                  (boots unavailable)
Stlth    +++.......             (no amulet)
HPRegen  0.02/turn              (no ring)
MPRegen  0.09/turn              (no ring)

@: quick
A: very small, no armour, no weapons or thrown items, stealth, claws 1, fangs 3,
see invisible, carnivore, speed 1, shaggy fur 1, slow metabolism 1, sharp paws
a: no special abilities


You were on level 1 of the Dungeon.
You were not hungry.

You visited 1 branch of the dungeon, and saw 1 of its levels.

You collected 28 gold pieces.

Inventory:

Comestibles
 b - 2 rations


   Skills:
 + Level 2.7 Dodging
 + Level 2.8 Stealth
 + Level 2.0 Spellcasting
 * Level 1.1 Conjurations
 * Level 2.7 Poison Magic


You had 3 spell levels left.
You knew the following spells:

 Your Spells              Type           Power        Failure   Level  Hunger
a - Sting                 Conj/Pois      #...         10%         1    #......

Your spell library contained the following spells:

 Spells                   Type           Power        Failure   Level  Hunger
 Poisonous Vapours        Pois/Air       #.....       19%         2    ###....
 Mephitic Cloud           Conj/Pois/Air  #.......     34%         3    ###....
 Olgreb's Toxic Radiance  Pois           ##......     54%         4    #####..
 Venom Bolt               Conj/Pois      #.........   95%         5    ######.


Dungeon Overview and Level Annotations

Branches:
Dungeon (1/15)

Altars:


Innate Abilities, Weirdness & Mutations

You cannot wear armour.
You are incapable of wielding weapons or throwing items.
Your paws allow you to move quietly. (Stealth)
You have sharp claws.
You have razor-sharp teeth.
You have supernaturally acute eyesight. (SInv)
You are carnivorous and can eat meat at any time.
You cover ground quickly.
You are covered in fur. (AC +1)
You have a slow metabolism.
Your sharp claws are effective at attacking unaware monsters.


Message History

Confirm with . or Enter, or press ? or * to list all spells.
Aiming: Sting (safe; 10% risk of failure)
Press: ? - help, Shift-Dir - straight line, f - kobold
Aim: a kobold The sting misses the kobold.
The kobold barely misses you.
You barely miss the kobold. The kobold hits you.
You closely miss the kobold. The kobold closely misses you.
You barely miss the kobold. The kobold hits you.
You barely miss the kobold. The kobold misses you.
You barely miss the kobold. The kobold completely misses you.
Casting: Sting (safe; 10% risk of failure)
Confirm with . or Enter, or press ? or * to list all spells.
Aiming: Sting (safe; 10% risk of failure)
Press: ? - help, Shift-Dir - straight line, f/p - kobold
Aim: a kobold The sting hits the kobold.
The kobold appears unharmed.
The kobold hits you.
You scratch the kobold but do no damage.
The kobold hits you.
You die...

..#..........#
######.
##........######
#.
+..#####.........
#.
#........#######
#. #....##### #.
#...#.# #.
#.###.### ##
#.......#
.....#.##@# ##..
#. #K# #. #. #.#
.. #....)..# #
#.##.#..# ...
..#.... ..# #$#
#### # #.# #.#


You could see a kobold.

Vanquished Creatures
  A goblin (D:1)
  A hobgoblin (D:1)
  A bat (D:1)
  A kobold (D:1)
  2 rats (D:1)
6 creatures vanquished.

Notes
Turn   | Place    | Note
-------+----------+-------------------------------------------
     0 | D:1      | Gravenous the Felid Venom Mage began the quest for the Orb.
     0 | D:1      | Reached XP level 1. HP: 7/7 MP: 4/4
   119 | D:1      | Reached skill level 1 in Conjurations
   261 | D:1      | Slain by a kobold

Skill      XL: |  1 |
---------------+----+-----
Conjurations   | 1 |  1.1
Dodging        | |  2.7
Stealth        | |  2.8
Spellcasting   | |  2.0
Poison Magic   | |  2.7

Action                   || total
-------------------------++-------
Melee: Unarmed           ||    10
       Bite              ||     1
 Cast: Sting             ||    12
Dodge: Dodged            ||    14
